 Dungeon Crawl Stone Soup version 0.30-a0-737-gf23d94013f (webtiles) character file.

Game seed: 10329336985082908415

4970 gelatine the Arsonist (level 10, -5/74 HPs)
             Began as a Demonspawn Fire Elementalist on Feb 2, 2023.
             Was a Believer of Makhleb.
             Slain by a cane toad (7 damage)
             ... on level 8 of the Dungeon.
             The game lasted 00:27:16 (10149 turns).

gelatine the Arsonist (DsFE)                       Turns: 10149, Time: 00:27:17

Health: -5/74      AC: 10    Str:  8    XL:     10   Next: 28%
Magic:  3/18       EV: 20    Int: 21    God:    Makhleb [**....]
Gold:   560        SH:  0    Dex: 22    Spells: 17/20 levels left

rFire   + . .      SeeInvis +    G - +3 quarterstaff (chaos)
rCold   . . .      Faith    .    (shield currently unavailable)
rNeg    . . .      Spirit   .    J - +2 robe {rF+}
rPois   +          Reflect  .    (helmet unavailable)
rElec   .          Harm     .    F - +0 cloak
rCorr   .          Rampage  .    l - +0 pair of gloves
Will    .....                    (no boots)
Stlth   +++                      (no amulet)
HPRegen 0.32/turn                k - +5 ring of evasion
MPRegen 0.16/turn                y - +6 ring of dexterity

@: about to teleport
A: antennae 3, slimy green scales 3, demonic guardian 1, thin skeletal structure
1
a: Renounce Religion, Minor Destruction


You were on level 8 of the Dungeon.
You worshipped Makhleb.
Makhleb was pleased with you.
You visited 3 branches of the dungeon, and saw 10 of its levels.

You collected 560 gold pieces.

Inventory:

Hand Weapons
 a - a +2 short sword of venom
 d - a +1 dagger of freezing
 z - a +2 whip of venom
 D - a +2 dagger of protection
 E - a +4 hammer of protection
 G - a +3 quarterstaff of chaos (weapon)
 I - a +3 morningstar
Missiles
 B - 5 throwing nets
Armour
 l - a +0 pair of gloves (worn)
 F - a +0 cloak (worn)
 H - a +1 robe of positive energy
 J - a +2 robe of fire resistance (worn)
Jewellery
 k - a +5 ring of evasion (left hand)
 y - a +6 ring of dexterity (right hand)
Wands
 t - a wand of mindburst (34)
 A - a wand of flame (21)
Scrolls
 b - a scroll of poison {unknown}
 c - 2 scrolls of teleportation
 e - 9 scrolls of identify {unknown}
 f - 4 scrolls of summoning
 i - a scroll of acquirement {unknown}
 j - 2 scrolls of magic mapping {unknown}
 q - a scroll of fog {unknown}
 s - a scroll of silence {unknown}
 u - a scroll of amnesia {unknown}
 v - a scroll of immolation {unknown}
Potions
 g - a potion of attraction {unknown}
 m - a potion of flight {unknown}
 o - a potion of brilliance {unknown}
 p - 4 potions of might {unknown}
 x - 3 potions of lignification {unknown}
 C - 2 potions of degeneration {unknown}


   Skills:
 * Level 5.5 Fighting
 + Level 0.3(1.0) Short Blades
 + Level 1.4(1.5) Long Blades
 + Level 1.9 Maces & Flails
 * Level 4.7 Dodging
 + Level 2.2 Stealth
 + Level 5.8 Spellcasting
 * Level 5.9 Conjurations
 * Level 8.1 Fire Magic
 * Level 4.2 Invocations
 * Level 2.9 Evocations


You had 17 spell levels left.
You knew the following spells:

 Your Spells              Type           Power      Damage    Failure   Level
a - Foxfire               Conj/Fire      100%       2x1d9     1%          1
b - Scorch                Fire           80%        2d9       1%          2

Your spell library contained the following spells:

 Spells                   Type           Power      Damage    Failure   Level
 Inner Flame              Hex/Fire       23%        N/A       5%          3
 Flame Wave               Conj/Fire      35%        2d10      5%          4
 Necrotise                Necr           24%        1d5       10%         1
 Kindle Blastsparks       Fire/Tloc/Air  34%        2d12      10%         3
 Vampiric Draining        Necr           6%         2d6       30%         3
 Agony                    Necr           6%         N/A       95%         5


Dungeon Overview and Level Annotations

Branches:
Dungeon (8/15)             Temple (1/1) D:5            Lair (1/5) D:8

Altars:
Ashenzari
Dithmenos
Fedhas
Gozag
Hepliaklqana
Makhleb
Nemelex Xobeh
Okawaru
Qazlal
Trog
Uskayaw
Wu Jian
Xom
Yredelemnul

Shops:
D:7 *

Annotations:
D:7 2 transporters, exclusion: ice statue, flotson's ghost, novice DsDe


Innate Abilities, Weirdness & Mutations

You have a pair of large antennae on your head. (SInv)
You are completely covered in slimy green scales. (AC +4, rPois)
A weak demonic guardian rushes to your aid.
You have a somewhat thin skeletal structure. (Dex +2, Stealth+)


Message History

The yak misses you. The cane toad stings you!
* * * LOW HITPOINT WARNING * * *
The yak closely misses you.
Your iron imp hits the yak.
You feel better. The cane toad closely misses you. The yak misses you.
The yak gores you.
Your iron imp barely misses the yak.
The cane toad barely misses you.
As you read the scroll labelled CAYRHY VAEXA, it crumbles to dust.
Wisps of shadow whirl around you...
It was a scroll of summoning.
The yak misses you. The yak closely misses you. The cane toad stings you.
* * * LOW HITPOINT WARNING * * *
Your iron imp barely misses the yak.
You swap places.
The cane toad is no longer more vulnerable to fire.
The yak gores you.
* * * LOW HITPOINT WARNING * * *
The yak gores you but does no damage.
The cane toad barely misses your orc wizard.
Your orc wizard hits the cane toad but does no damage.
Your orc warrior hits the yak with a +0 dire flail!
The yak attacks as you move away! The yak closely misses you.
Your iron imp hits the yak.
Your orc wizard barely misses the cane toad.
Your wight hits the cane toad with a +1 great sword!!
Your orc warrior hits the yak with a +0 dire flail!
Okay, then.
As you read the scroll labelled ROLEOZOIME, it crumbles to dust.
You feel strangely unstable.
It was a scroll of teleportation.
The yak barely misses you. The yak closely misses you.
Your iron imp hits the yak.
Your orc wizard hits the yak with a +0 dagger.
Your orc warrior hits the yak with a +0 dire flail!
The yak gores you.
* * * LOW HITPOINT WARNING * * *
A demonic guardian appears!
The cane toad stings you!
* * * LOW HITPOINT WARNING * * *
Your orc warrior hits the yak with a +0 dire flail!
The yak dies!
Makhleb accepts your kill. The cane toad attacks as you move away!
The cane toad stings you!
You die...

#........### ##.......
#########.....(..#># #........
#.......'......).#.# #........
#.#######........#.##
#........ #.#
#.....)))...###........ #.####
#........#)...'......##
#.##<####........#.####......#
###.##.#.............#
#......##
#....#.#........@###.#
#........
#.#..#.#.......YF†o#.#
#####....
#.#....######.55zo.#.# #....
....#### #.#zoz##.# #....
#############..zz.##.# #....
#.....##.....##.# #....
####.....##.##..##.# #..).
#..+.....#......##.# #....
#.##.....#####.###.# #######.


You could see a yak (ally target), a cane toad (ally target), a friendly orc
warrior (summoned), a friendly iron imp (summoned), 5 friendly wights, a
friendly orc wizard (summoned), a friendly quasit (summoned) and a friendly orc
(summoned).

Vanquished Creatures
  Grinder (D:5)
  Sigmund (D:5)
  3 yaks (D:8)
  A wyvern (D:8)
  A steam dragon (D:7)
  Menkaure (D:5)
  A water moccasin (D:8)
  An orc warrior (D:7)
  3 ice beasts
  2 black bears
  3 ogres
  3 kobold brigands (D:8)
  3 phantoms
  2 gnoll sergeants (D:6)
  2 bullfrogs (D:8)
  3 necrophages
  2 scorpions
  3 wights (D:8)
  6 killer bees (D:8)
  3 howler monkeys
  3 hounds
  4 gnoll boudas
  3 orc priests
  2 jellies
  Crazy Yiuf (D:6)
  4 iguanas
  2 orc wizards
  34 gnolls
  8 adders
  An ufetubus (D:5)
  4 worms
  2 dart slugs (D:2)
  18 orcs
  7 ball pythons
  5 bats
  3 endoplasms
  2 giant cockroaches
  7 goblins
  5 hobgoblins
  10 jackals
  25 kobolds
  5 quokkas
  3 frilled lizards
  3 rats
206 creatures vanquished.

Vanquished Creatures (collateral kills)
  A yak (D:8)
  A bullfrog (D:7)
  A wight (D:8)
  A foxfire (D:5)
4 creatures vanquished.

Vanquished Creatures (others)
  A bullfrog (D:7)
  A shadow imp (D:7)
  699 foxfires
  A fungus (D:6)
  2 plants (D:3)
704 creatures vanquished.

Grand Total: 914 creatures vanquished

Notes
Turn   | Place    | Note
-------+----------+-------------------------------------------
     0 | D:1      | gelatine the Demonspawn Fire Elementalist began the quest
                  | for the Orb.
     0 | D:1      | Reached XP level 1. HP: 13/13 MP: 3/3
   274 | D:1      | Reached skill level 3 in Fire Magic
   393 | D:1      | Gained mutation: You are partially covered in slimy green
                  | scales. (AC +2) [demonic ancestry]
   393 | D:1      | Reached XP level 2. HP: 19/19 MP: 1/5
  1310 | D:2      | Gained mutation: You have a pair of small antennae on your
                  | head. [demonic ancestry]
  1310 | D:2      | Reached XP level 3. HP: 24/24 MP: 1/6
  1789 | D:2      | Learned a level 2 spell: Scorch
  1856 | D:2      | Gained mutation: You have a pair of antennae on your head.
                  | [demonic ancestry]
  1856 | D:2      | Reached XP level 4. HP: 31/31 MP: 3/7
  2317 | D:3      | Reached skill level 1 in Fighting
  3125 | D:4      | Noticed a necrophage
  3208 | D:4      | Reached skill level 4 in Fire Magic
  3208 | D:4      | Reached XP level 5. HP: 7/37 MP: 0/9
  3231 | D:3      | Gained mutation: You have sharp toenails. [potion of
                  | mutation]
  3231 | D:3      | Gained mutation: You have razor-sharp toenails. [potion of
                  | mutation]
  3441 | D:4      | Noticed a phantom
  3448 | D:4      | Killed a phantom
  3449 | D:4      | Reached XP level 6. HP: 44/44 MP: 4/10
  3508 | D:4      | Reached skill level 1 in Long Blades
  3686 | D:4      | Lost mutation: You have razor-sharp toenails. [potion of
                  | mutation]
  3686 | D:4      | Lost mutation: You have sharp toenails. [potion of
                  | mutation]
  3686 | D:4      | Gained mutation: Your muscles are strong. (Str +4, Int/Dex
                  | -1) [potion of mutation]
  3844 | D:4      | Gained mutation: You are mostly covered in slimy green
                  | scales. (AC +3) [demonic ancestry]
  3844 | D:4      | Reached XP level 7. HP: 51/51 MP: 3/12
  4060 | D:4      | Lost mutation: Your muscles are strong. (Str +4, Int/Dex
                  | -1) [potion of mutation]
  4060 | D:4      | Gained mutation: You have supernaturally acute eyesight.
                  | (SInv) [potion of mutation]
  4060 | D:4      | Gained mutation: Your flesh is cold resistant. (rC+)
                  | [potion of mutation]
  4432 | D:5      | Entered Level 5 of the Dungeon
  4443 | D:5      | Reached skill level 5 in Fire Magic
  4555 | D:5      | Found a staircase to the Ecumenical Temple.
  4572 | Temple   | Entered the Ecumenical Temple
  4789 | Temple   | Became a worshipper of Makhleb the Destroyer
  4997 | D:5      | Noticed Menkaure
  5002 | D:5      | Killed Menkaure
  5113 | D:5      | Reached XP level 8. HP: 51/58 MP: 1/14
  5156 | D:5      | Noticed Grinder
  5162 | D:5      | Killed Grinder
  5329 | D:5      | Reached skill level 6 in Fire Magic
  5947 | D:5      | Found an ornate altar of the Wu Jian Council.
  5952 | D:5      | Noticed Sigmund
  5955 | D:5      | Killed Sigmund
  5956 | D:5      | Reached skill level 1 in Invocations
  6224 | D:6      | Reached * piety under Makhleb
  6491 | D:6      | Gained mutation: A weak demonic guardian rushes to your
                  | aid. [demonic ancestry]
  6491 | D:6      | Reached XP level 9. HP: 58/66 MP: 3/16
  6769 | D:6      | Reached skill level 1 in Evocations
  6816 | D:6      | Found an iron altar of Okawaru.
  6956 | D:6      | Reached skill level 5 in Spellcasting
  7374 | D:6      | Lost mutation: You have supernaturally acute eyesight.
                  | (SInv) [potion of mutation]
  7374 | D:6      | Lost mutation: Your flesh is cold resistant. (rC+) [potion
                  | of mutation]
  7374 | D:6      | Gained mutation: You have a somewhat thin skeletal
                  | structure. (Dex +2, Stealth+) [potion of mutation]
  7374 | D:6      | Gained mutation: You have a pair of large antennae on your
                  | head. (SInv) [potion of mutation]
  7738 | D:6      | Found a runed translucent door.
  7740 | D:6      | Noticed Crazy Yiuf
  7749 | D:6      | Killed Crazy Yiuf
  7836 | D:7      | Reached ** piety under Makhleb
  7844 | D:7      | Reached skill level 5 in Conjurations
  8011 | D:7      | Noticed flotson's ghost (novice DsDe)
  8011 | D:7      | Noticed a two-headed ogre
  8013 | D:7      | Found a transporter.
  8015 | D:7      | Noticed a purple ugly thing
  8016 | D:7      | Noticed an ice statue
  8076 | D:7      | Reached skill level 5 in Fighting
  8076 | D:7      | Reached skill level 7 in Fire Magic
  8380 | D:7      | Found Omyd Izann's Elemental Accessories.
  8477 | D:7      | Found a transporter.
  9251 | D:8      | Reached skill level 1 in Maces & Flails
  9267 | D:8      | Gained mutation: You are completely covered in slimy green
                  | scales. (AC +4, rPois) [demonic ancestry]
  9267 | D:8      | Reached XP level 10. HP: 46/73 MP: 3/18
  9475 | D:8      | Reached skill level 8 in Fire Magic
  9690 | D:8      | Found a staircase to the Lair.
 10101 | Lair:1   | Entered Level 1 of the Lair of Beasts
 10124 | Lair:1   | Noticed a cane toad
 10148 | D:8      | HP: 2/74 [cane toad (11)]
 10149 | D:8      | Slain by a cane toad

Illustrated notes

Levels and vault maps discovered:
D:1:      minmay_arrival_arboretum_small, layout_basic, nrook_mini_vaults,
          minmay_tetromino_l4
D:2:      layout_rooms, minmay_vboxes
D:3:      layout_basic, supply_closet_lemuel, chequers_serial_rivers_micro_e,
          serial_bayou_pond_b
D:4:      layout_gridville
D:5:      layout_basic, pdpol_wu_jian_five_deadly_venoms,
          minmay_temple_entry_trees, uniq_grinder, uniq_menkaure, uniq_sigmund
D:6:      layout_basic, amcnicky_altar_gilded, uniq_crazy_yiuf_cottage
D:7:      layout_basic, nzn_ghost_randoct, nicolae_elemental_shop
D:8:      layout_basic, lair_entry_dummy
Temple:   nicolae_temple_bog_church
Lair:1:   layout_hall_layers, pdpol_lair_cavern_descent, grunt_megastairs_4

Skill      XL: |  1  2  3  4  5  6  7  8  9 10 |
---------------+-------------------------------+-----
Fire Magic     | 3 4 5 6 7 8 |  8.1
Dodging        | 2 3 4 |  4.7
Fighting       | 1 2 3 4 5 |  5.5
Spellcasting   | 3 4 5 |  5.8
Conjurations   | 2 3 4 5 |  5.9
Long Blades    | 1 |  1.4
Stealth        | 2 |  2.2
Invocations    | 1 3 4 |  4.2
Evocations     | 2 |  2.9
Maces & Flails | 1 |  1.9
Short Blades   | |  0.3

Action                     |  1- 3 |  4- 6 |  7- 9 | 10-12 || total
---------------------------+-------+-------+-------+-------++-------
  Melee: Unarmed           |    30 |       |       |       ||    30
         Long sword        |    10 |    55 |       |       ||    65
         Punch             |       |     1 |     2 |       ||     3
         Dagger            |       |     8 |    32 |       ||    40
         Kick              |       |     2 |       |       ||     2
         Whip              |       |       |    30 |       ||    30
         Mace              |       |       |    55 |     6 ||    61
         Quarterstaff      |       |       |       |     2 ||     2
   Cast: Foxfire           |    72 |    74 |   207 |    45 ||   398
         Scorch            |       |    14 |    77 |    10 ||   101
 Invoke: Minor Destruction |       |       |     1 |       ||     1
    Use: Potion            |     1 |     3 |     3 |     2 ||     9
         Scroll            |       |       |       |     2 ||     2
   Stab: Sleeping          |     1 |       |       |       ||     1
 Armour: Robe              |    26 |    26 |    45 |     4 ||   101
  Dodge: Dodged            |    54 |   102 |   218 |    41 ||   415

Table legend: (Time is in decaauts)
 A = Elapsed time spent in this place.
 B = Non-inter-level travel time spent in this place.
 C = Inter-level travel time spent in this place.
 D = Time resting spent in this place.
 E = Time spent auto-exploring this place.
 F = Levels seen in this place.
 G = Mean time per level.
                   A        B        C        D        E       F      G
               +--------+--------+--------+--------+--------+-----+--------+
         Total |  10209 |   9933 |    276 |      0 |   8164 |  10 | 1020.9 |
       Dungeon |   9929 |   9675 |    254 |      0 |   7949 |   8 | 1241.1 |
        Temple |    251 |    229 |     22 |      0 |    211 |   1 |  251.0 |
          Lair |     28 |     28 |      0 |      0 |      4 |   1 |   28.0 |
               +--------+--------+--------+--------+--------+-----+--------+

Top non-repeatable levels by time:
     D:6: 1611 daAuts
     D:5: 1531 daAuts
     D:1: 1229 daAuts
     D:7: 1206 daAuts
     D:8: 1119 daAuts
     D:4: 1111 daAuts
     D:3: 1101 daAuts
     D:2: 1017 daAuts
  Temple: 251 daAuts
  Lair:1: 28 daAuts
